 Dungeon Crawl Stone Soup version 0.29.0-15-g675c0067aa (webtiles) character file.

Game seed: 7849436390478645401

114 qw the Chopper (level 4, -17/28 HPs)
             Began as a Gargoyle Fighter on Sept 12, 2022.
             Demolished by an ogre
             ... wielding a +0 giant club
              (27 damage)
             ... on level 4 of the Dungeon.
             The game lasted 00:01:01 (2681 turns).

qw the Chopper (Gargoyle Fighter)                   Turns: 2681, Time: 00:01:01

Health: -17/28     AC: 11    Str: 22    XL:     4   Next: 98%
Magic:  4/4        EV:  9    Int:  8    God:
Gold:   113        SH:  4    Dex:  9    Spells: 3/3 levels left

rFire   + . .      SeeInvis .   Y - +3 war axe
rCold   . . .      Faith    .   c - +0 buckler
rNeg    + . .      Spirit   .   b - +0 scale mail
rPois   inf        Reflect  .   (no helmet)
rElec   +          Harm     .   (no cloak)
rCorr   .          Rampage  .   (no gloves)
Will    .....                   k - +0 pair of boots
Stlth   ..........              (no amulet)
HPRegen 0.09/turn               h - ring of protection from fire
MPRegen 0.09/turn               (no ring)

@: no status effects
A: sickness immunity, AC +3, negative energy resistance 1, electricity
resistance, torment resistance 1, petrification resistance
a: no special abilities


You were on level 4 of the Dungeon.
You visited 1 branch of the dungeon, and saw 4 of its levels.

You collected 143 gold pieces.
You spent 30 gold pieces at shops.


Innate Abilities, Weirdness & Mutations

You are immune to sickness and miasma.
Your stone body is resilient. (AC +3)
You are immune to poison.
You resist negative energy. (rN+)
You are resistant to electric shocks. (rElec)
You are resistant to unholy torment.
You are immune to petrification.


   Skills:
 - Level 3.2 Fighting
 + Level 4.5 Axes
 - Level 3.2 Armour
 - Level 3.2 Shields


You had 3 spell levels left.
You didn't know any spells.
Your spell library was empty.

Inventory:

Hand Weapons
 i - a +0 mace
 Y - a +3 war axe (weapon)
Missiles
 j - 3 boomerangs (quivered)
Armour
 b - a +0 scale mail (worn)
 c - a +0 buckler (worn)
 k - a +0 pair of boots (worn)
Jewellery
 h - a ring of protection from fire (left hand)
Scrolls
 a - 2 scrolls of identify
 e - a scroll of blinking {unknown}
Potions
 d - a potion of might
 f - a potion of magic {unknown}
 g - a potion of curing {unknown}
 l - a potion of haste {unknown}
 m - 3 potions of attraction

Dungeon Overview and Level Annotations

Branches:
Dungeon (4/15)
 Temple: D:4-7

Altars:

Shops:
D:1 !


Message History

You start resting.
HP restored.
A goblin comes into view. It is wielding a +0 dagger.
Found 7 gold pieces.
The goblin shouts!
You see here a scroll labelled YSYGUTR COTE.
Throw: 4 boomerangs
Press: ? - help, Q - select action Shift-Dir - straight line, f - goblin You throw a boomerang.
The boomerang hits the goblin!
You kill the goblin!
e - a scroll labelled YSYGUTR COTE You see here a +0 dagger.
You now have 106 gold pieces (gained 7).
You now have 113 gold pieces (gained 7).
a - 2 scrolls of identify (gained 1)
Found a stone staircase leading down.
Enter note:
Enter note:
Enter note:
Found 3 stones.
Enter note:
Found a stone staircase leading down.
An ogre comes into view. It is wielding a +0 giant club.
Throw: 4 boomerangs
Press: ? - help, Q - select action Shift-Dir - straight line, f - ogre You throw a boomerang.
The boomerang hits the ogre.
The ogre is lightly wounded.
Throw: 3 boomerangs
Press: ? - help, Q - select action Shift-Dir - straight line, f/p - ogre You throw a boomerang.
The boomerang hits the ogre.
The ogre is moderately wounded.
You slash the ogre!
The ogre is severely wounded.
The ogre hits you with a +0 giant club!!
Ouch! That really hurt!
You barely miss the ogre.
The ogre is severely wounded.
The ogre hits you with a +0 giant club!!
Ouch! That really hurt!
You die...

~~~~~~~.......#
#...........##
#.........#
###.......#
#......## .##
#..##(.#
....###..####
......#..#
......O@.#
..........#
..........#
.......##.#
......# ##
...>.# ...##
###


You could see an ogre.

Vanquished Creatures
  4 adders
  A worm (D:2)
  4 dart slugs
  An orc (D:3)
  5 ball pythons
  5 bats
  5 endoplasms
  5 giant cockroaches
  10 goblins
  8 hobgoblins
  2 kobolds
  2 quokkas
  6 frilled lizards
  2 rats
60 creatures vanquished.

Notes
Turn   | Place    | Note
-------+----------+-------------------------------------------
     0 | D:1      | qw the Gargoyle Fighter began the quest for the Orb.
     0 | D:1      | Reached XP level 1. HP: 14/14 MP: 1/1
     0 | D:1      | 0 ||| qw: Version: 0.1-a-119-g272c26d
     0 | D:1      | 0 ||| qw: Game counter: 10798
     0 | D:1      | 0 ||| qw: Always use a shield: true
     0 | D:1      | 0 ||| qw: God list: Okawaru
     0 | D:1      | 0 ||| qw: Allow faded altars: false
     0 | D:1      | 0 ||| qw: Do Orc after D:15 true
     0 | D:1      | 0 ||| qw: Do second Lair branch before Depths: true
     0 | D:1      | 0 ||| qw: Lair rune preference: random
     0 | D:1      | 0 ||| qw: Plans: Normal, Zot, God:TSO, Crypt, Tomb, Pan,
                  | Slime, Hells, Zig, Abyss, Orb
     0 | D:1      | 0 ||| PLANNING D:1-11
    64 | D:1      | Reached skill level 2 in Axes
   205 | D:1      | Reached XP level 2. HP: 19/19 MP: 2/2
   639 | D:1      | Found Iceyr's Distillery.
   644 | D:1      | 644 ||| SHOPLISTING 2 potions of attraction (60 gold, have
                  | 31).
   644 | D:1      | 644 ||| BUYING potion of attraction (30 gold).
   644 | D:1      | Bought a potion of attraction for 30 gold pieces
   644 | D:1      | 644 ||| SHOPLISTING potion of curing (30 gold, have 1).
   644 | D:1      | 644 ||| SHOPLISTING potion of heal wounds (50 gold, have
                  | 1).
   644 | D:1      | 644 ||| SHOPLISTING potion of mutation (80 gold, have 1).
   659 | D:1      | 659 ||| Stepping ~*~*~tactically~*~*~ (hiding).
   660 | D:1      | 660 ||| Stepping ~*~*~tactically~*~*~ (hiding).
   676 | D:1      | Reached skill level 3 in Axes
   703 | D:1      | Reached XP level 3. HP: 23/23 MP: 3/3
   970 | D:1      | 970 ||| UPGRADING to ring of protection from fire.
   971 | D:1      | 971 ||| READING 2 scrolls labelled DESEKHLIR ZOHO.
   972 | D:1      | 972 ||| READING scroll labelled ALADAP APLANEADUO.
   977 | D:1      | 977 ||| DRINKING 3 glowing sapphire potions.
   978 | D:1      | 978 ||| DROPPING 2 potions of flight.
  1005 | D:2      | 1005 ||| Stepping ~*~*~tactically~*~*~ (hiding).
  1226 | D:2      | 1226 ||| FLEEEEING.
  1267 | D:2      | 1267 ||| Stepping ~*~*~tactically~*~*~ (stealth).
  1412 | D:2      | 1412 ||| Stepping ~*~*~tactically~*~*~ (hiding).
  1599 | D:2      | 1599 ||| Stepping ~*~*~tactically~*~*~ (stealth).
  1603 | D:2      | Reached XP level 4. HP: 25/28 MP: 4/4
  1795 | D:2      | Reached skill level 4 in Axes
  1899 | D:2      | 1899 ||| READING scroll labelled WAONIC TUFIJ.
  1900 | D:2      | 1900 ||| READING scroll labelled QUSEYS HYZIA.
  1901 | D:2      | 1901 ||| READING scroll labelled VAVUAC ISETADOEFI.
  1902 | D:2      | 1902 ||| READING scroll labelled WOIPSU YNKIR.
  1981 | D:3      | 1981 ||| Stepping ~*~*~tactically~*~*~ (stealth).
  2132 | D:3      | Found a faded altar of an unknown god.
  2269 | D:3      | 2269 ||| READING scroll of enchant weapon.
  2269 | D:3      | 2269 ||| ENCHANTING +1 war axe.
  2338 | D:3      | 2338 ||| Stepping ~*~*~tactically~*~*~ (hiding).
  2340 | D:3      | 2340 ||| Stepping ~*~*~tactically~*~*~ (hiding).
  2341 | D:3      | 2341 ||| Stepping ~*~*~tactically~*~*~ (hiding).
  2404 | D:3      | 2404 ||| READING scroll of enchant weapon.
  2404 | D:3      | 2404 ||| ENCHANTING +2 war axe.
  2552 | D:3      | 2552 ||| UPGRADING to +0 pair of boots.
  2557 | D:3      | 2557 ||| READING 2 scrolls of identify.
  2557 | D:3      | 2557 ||| IDENTIFYING bubbling brown potion
  2558 | D:3      | 2558 ||| DROPPING potion of invisibility.
  2675 | D:4      | Noticed an ogre
  2681 | D:4      | Demolished by an ogre

Levels and vault maps discovered:
D:1:      grunt_arrival_crossed_arrows, layout_basic, serial_shops,
          nicolae_shop_hallway_stairs
D:2:      layout_rooms
D:3:      layout_basic, hellmonk_ecumenical_altar_crossroads
D:4:      layout_cave_pods, minitemple, serial_shops, nicolae_lakefront_shop,
          lightli_minifort, uniq_ijyb

Skill      XL: |  1  2  3  4 |
---------------+-------------+-----
Axes           | 2 3 4 |  4.5
Fighting       | |  3.2
Armour         | |  3.2
Shields        | |  3.2

Action                   |  1- 3 |  4- 6 || total
-------------------------+-------+-------++-------
Melee: War axe           |   103 |    68 ||   171
Throw: Boomerang         |    35 |    23 ||    58
  Use: Scroll            |     2 |     7 ||     9
       Potion            |     1 |       ||     1
Armor: Scale mail        |    53 |    24 ||    77
Dodge: Dodged            |    35 |    21 ||    56
Block: Buckler           |    19 |    12 ||    31

Table legend:
 A = Non-vault XP
 B = Vault XP
 C = Vault XP percentage of total XP
 D = Non-vault monster count
 E = Vault monster count
 F = Vault count percentage of total count
                 A         B        C        D         E       F
            +---------+---------+-------+---------+---------+-------
      Total |     164 |       0 |   0.0 |      60 |       0 |   0.0
            +---------+---------+-------+---------+---------+-------
        D:1 |      39 |       0 |   0.0 |      20 |       0 |   0.0
        D:2 |      65 |       0 |   0.0 |      20 |       0 |   0.0
        D:3 |      56 |       0 |   0.0 |      18 |       0 |   0.0
        D:4 |       4 |       0 |   0.0 |       2 |       0 |   0.0
            +---------+---------+-------+---------+---------+-------
